cohdb
Replays
Latest Replays
All Replays
Popular Replays
Top Player Replays
Match Explorer
How It Works
Community
CoH3 Stats
Reddit
Sign in to upload your games and track your stats! →
Sign in with Steam
Match 44531938
Unlisted
Match 44531938
Overview
Messages
Build Orders
End
Vickers Machine Gun Team
Construct Section Command Post
Infantry Section
Infantry Section
Vickers Machine Gun Team
Selects Indian Artillery Battlegroup
Selects Towed ML 4.2-inch Heavy Mortar
Towed ML 4.2-inch Heavy Mortar
Construct Platoon Command Post
Humber Armored Car
Selects Off-map Airburst Barrage
Construct Company Command Post
Off-map Airburst Barrage
Selects Valour
Foot Guards Section
Crusader II Medium Tank
Selects Gurkha Rifles Section
Matilda II Heavy Tank
Gurkha Rifles Section
Off-map Airburst Barrage
SMRT
Lucky Cody
[BBC] octo
DeFalko
Bruh
WSE4E
Jarkke
细雨斜风作晓寒
0
0
Comments
sign in to comment!
No comments posted yet!